 Dungeon Crawl Stone Soup version 0.19.5 (webtiles) character file.

194 Peloso the Covered (level 5, 0/47 HPs)
             Began as a Minotaur Fighter on May 18, 2017.
             Succumbed to an adder's poison
             ... on level 2 of the Dungeon.
             The game lasted 00:03:13 (1028 turns).

Peloso the Covered (Minotaur Fighter)               Turns: 1028, Time: 00:03:14

Health: 0/47       AC:  7    Str: 21    XL:     5   Next: 44%
Magic:  4/4        EV:  8    Int:  5    God:
Gold:   60         SH:  9    Dex: 10    Spells: 0 memorised, 4 levels left

rFire  + . .     SeeInvis .     m - -2 mace (curse)
rCold  x . .     Gourm    .     b - +0 scale mail
rNeg   . . .     Faith    .     c - +0 shield
rPois  .         Spirit   .     (helmet restricted)
rElec  .         Reflect  .     (no cloak)
rCorr  .         Harm     .     (no gloves)
MR     .....                    (no boots)
Stlth  ..........               (no amulet)
                                (no ring)
                                h - ring of fire

@: lethally poisoned (0 -> -1)
A: retaliatory headbutt, horns 2
a: no special abilities


You were on level 2 of the Dungeon.
You were not hungry.

You visited 1 branch of the dungeon, and saw 2 of its levels.

You collected 60 gold pieces.

Inventory:

Hand Weapons
 a - a +1 long sword
 m - a cursed -2 mace (weapon)
Armour
 b - a +0 scale mail (worn)
 c - a +0 shield (worn)
Jewellery
 h - a ring of fire (left hand)
Scrolls
 i - a scroll of identify
Potions
 d - a potion of might
Comestibles
 f - a bread ration
 g - 2 fruits
 l - a slice of pizza


   Skills:
 + Level 4.5 Fighting
 + Level 3.4 Long Blades
 + Level 1.6 Maces & Flails
 + Level 4.7 Armour
 + Level 2.0 Dodging
 + Level 4.6 Shields


You had 4 spell levels left.
You didn't know any spells.

Dungeon Overview and Level Annotations

Branches:
Dungeon (2/15)

Altars:
The Shining One


Innate Abilities, Weirdness & Mutations

You reflexively headbutt those who attack you in melee.
You have a pair of horns on your head.


Message History

a scythe; a robe; 4 chunks of flesh
As you read the scroll labeled GIDUCKUATU, it crumbles to dust.
You feel aware of your surroundings.
You sensed 1 altar.
It was a scroll of magic mapping.
* * * LOW HITPOINT WARNING * * *
You feel sick.
You are feeling hungry.
* * * LOW HITPOINT WARNING * * *
You feel sick.
You start eating one of the 5 fruits.
Mmmm...
Yummy eggfruit.
There is a lethal amount of poison in your body!
There is a lethal amount of poison in your body!
* * * LOW HITPOINT WARNING * * *
You feel sick.
You start eating one of the 4 fruits.
That choko was very bland.
You start eating one of the 3 fruits.
That choko was very bland.
You die...

,,,,,,,*** *,,,,,,,,,,,,,,,
,,,,,,,,,* *****#.*****,>,*,,,,,
*****#.#.# *,,,,.,* *,***,**** *
#.#.## *,###.,*****,***,* *
#....##*.##..,,,,,,,,**,* *
##.....##.##.#,*****,,**,* *
#............##### *,,**,* *
#.......#**#.....# *,,**,****
#.....#.# #@....# *,,**,**,,
#.......# ##.##..# *,,**,**,*
#....(#.###...#..##*,,**,**,*
#####....#......_......#,,**,**,*
...........#).#...###..#,,**,**,*
......###..#..##.## *,,#,,,,,**,*
####..#$#..#.....# *,,,,,,,,,,,,
# ##.###..#.....#***,*****,,,,,,
# *#......#####...,,,* *,****,


There were no monsters in sight!

Vanquished Creatures
  Sigmund (D:2)
  An adder (D:2)
  2 oozes
  A dart slug (D:1)
  3 bats (D:1)
  5 goblins (D:1)
  A hobgoblin (D:1)
  A ball python (D:1)
  4 frilled lizards (D:1)
  3 kobolds (D:1)
  3 rats (D:1)
25 creatures vanquished.

Notes
Turn   | Place    | Note
-------+----------+-------------------------------------------
     0 | D:1      | Peloso the Minotaur Fighter began the quest for the Orb.
     0 | D:1      | Reached XP level 1. HP: 19/19 MP: 0/0
   121 | D:1      | Reached XP level 2. HP: 26/27 MP: 1/1
   969 | D:2      | Reached XP level 3. HP: 29/33 MP: 2/2
   990 | D:2      | Noticed Sigmund
   991 | D:2      | Found a glowing golden altar of the Shining One.
  1004 | D:2      | Killed Sigmund
  1004 | D:2      | Reached skill level 1 in Maces & Flails
  1004 | D:2      | Reached XP level 4. HP: 10/41 MP: 3/3
  1004 | D:2      | Reached XP level 5. HP: 11/47 MP: 4/4
  1014 | D:2      | HP: 2/47 [poisoned by an adder]
  1020 | D:2      | HP: 1/47 [poisoned by an adder]
  1028 | D:2      | Succumbed to an adder's poison

Skill      XL: |  1  2  3 |
---------------+----------+-----
Fighting       | 4 |  4.5
Shields        | 4 |  4.6
Armour         | 4 |  4.7
Long Blades    | 3 |  3.4
Maces & Flails | 1 |  1.6
Dodging        | 2 |  2.0

Action                   |  1- 3 |  4- 6 || total
-------------------------+-------+-------++-------
Melee: Long sword        |    21 |       ||    21
       Mace              |    53 |     6 ||    59
       Headbutt          |     9 |       ||     9
  Use: Scroll            |     4 |     1 ||     5
  Eat: Fruit             |       |     3 ||     3
Armor: Scale mail        |    33 |     3 ||    36
Dodge: Dodged            |    22 |     2 ||    24
Block: Shield            |    46 |     4 ||    50
